 Dungeon Crawl Stone Soup version 0.16-a0-1120-gd281f79 (webtiles) character file.

1465 PolkaDot the Summoner (level 8, -10/62 HPs)
             Began as a Vampire Summoner on Oct 6, 2014.
             Mangled by an orc warrior
             ... wielding a +0 trident
              (17 damage)
             ... on level 7 of the Dungeon.
             The game lasted 00:22:55 (5768 turns).

PolkaDot the Summoner (Vampire Summoner)            Turns: 5768, Time: 00:22:55

Health: -10/62     AC: 12    Str:  7    XL:     8   Next: 48%
Magic:  4/13       EV: 12    Int: 19    God:
Gold:   260        SH:  0    Dex: 14    Spells: 4 memorised, 1 level left

rFire  + . .     SeeInvis +     d - +1 long sword (protect)
rCold  . . .     Clarity  .     a - +0 robe
rNeg   + . .     SustAb   .     (no shield)
rPois  .         Gourm    .     o - +1 helmet
rElec  .         Spirit   .     (no cloak)
rCorr  +         Warding  .     q - +2 pair of gloves
rMut   .         Stasis   .     (no boots)
MR     .....                    m - amulet of resist corrosion
Stlth  ++........               u - ring of positive energy
                                c - ring of protection from fire

@: regenerating quickly, not resistant to hostile enchantments, unstealthy
A: bottle blood, fangs 3, see invisible, unbreathing
a: Bottle Blood


You were on level 7 of the Dungeon.
You were very full.

You visited 1 branch of the dungeon, and saw 7 of its levels.

You collected 260 gold pieces.

Inventory:

Hand weapons
 d - a +1 long sword of protection (weapon)
Armour
 a - a +0 robe (worn)
 o - a +1 helmet (worn)
 q - a +2 pair of gloves (worn)
Magical devices
 k - a wand of hasting (0)
 p - a wand of polymorph (24)
 s - a wand of polymorph (0)
Scrolls
 e - 2 scrolls of identify
 f - a scroll of blinking
 i - a scroll of random uselessness {unknown}
 j - a scroll of remove curse
 l - 7 scrolls of teleportation
 r - a scroll of enchant armour
Jewellery
 c - a ring of protection from fire (left hand)
 m - an amulet of resist corrosion (around neck)
 u - a ring of positive energy (right hand)
Potions
 g - a potion of resistance
 h - a potion of curing
Books
 b - a book of Callings

   Spells                             Type                      Level
   *Summon Small Mammal               Summoning                    1
   *Call Imp                          Summoning                    2
   *Call Canine Familiar              Summoning                    3
   Summon Guardian Golem              Hexes/Summoning              4
   Summon Lightning Spire             Summoning/Air                4
   *Summon Ice Beast                  Ice/Summoning                4


   Skills:
 + Level 5.3 Fighting
 - Level 2.1 Dodging
 - Level 3.0 Stealth
 - Level 2.0 Spellcasting
 * Level 9.6 Summonings


You had one spell level left.
You knew the following spells:

 Your Spells              Type           Power        Failure   Level  Hunger
a - Summon Small Mammal   Summ           ####         1%          1    #......
d - Call Canine Familiar  Summ           #####...     1%          3    ####...
i - Summon Ice Beast      Ice/Summ       ###.....     28%         4    #####..
s - Call Imp              Summ           #####...     1%          2    ##.....


Dungeon Overview and Level Annotations

Branches:
Dungeon (7/15)
 Temple: D:4-7

Altars:
Okawaru
Trog


Innate Abilities, Weirdness & Mutations

Your natural rate of healing is unusually fast.
You can bottle blood from corpses.
You have razor-sharp teeth.
You have supernaturally acute eyesight.
You can survive without breathing.


Message History

Your shadow imp misses the orc warrior.
You hit the orc warrior but do no damage.
You bite the orc warrior, but do no damage.
The orc warrior is severely wounded.
The orc warrior hits you with a trident.
* * * LOW HITPOINT WARNING * * *
Your shadow imp barely misses the orc warrior.
The orc warrior hits you with a trident!!
* * * LOW HITPOINT WARNING * * *
You hit the orc warrior but do no damage.
The orc warrior is severely wounded.
Your shadow imp hits the orc warrior but does no damage.
The orc warrior hits you with a trident!
* * * LOW HITPOINT WARNING * * *
Your shadow imp barely misses the orc warrior.
Casting: Call Canine Familiar
Confirm with . or Enter, or press ? or * to list all spells.
* * * LOW MAGIC WARNING * * *
The orc warrior hits you with a trident!
You die...

# #.#######
##..h((..# #....@.#.#
#...5o.#.# #......#.#
#......#.# #######
#......#.# #......
#......#.#
#####......
#......#.#
#..........
.######.###>..>..#..#
#..............


You could see an orc warrior, a friendly wolf and a friendly shadow imp.

Vanquished Creatures
  The ghost of vogonpoet the Cudgeler, an average DsGl (D:3)
  A water moccasin (D:5)
  An ice beast (D:6)
  Blork the orc (D:5)
  A scorpion (D:4)
  A wight (D:6)
  2 orc priests
  2 hounds
  An iguana (D:7)
  An orc wizard (D:5)
  A worker ant (D:5)
  A worker ant zombie (D:5)
  9 adders
  A shadow imp (D:5)
  A worm (D:4)
  A giant gecko (D:5)
  8 orcs
  11 bats
  6 giant cockroaches
  13 goblins
  13 hobgoblins
  2 jackals (D:3)
  A ball python (D:1)
  6 kobolds
  2 quokkas
  9 rats
97 creatures vanquished.

Vanquished Creatures (collateral kills)
  Eustachio (D:5)
  A hippogriff (D:7)
  Edmund (D:5)
  Duvessa (D:4)
  A hippogriff zombie (D:7)
  4 wights (D:6)
  Dowan (D:4)
  A crimson imp (D:5)
  A jelly (D:5)
  An orc wizard (D:4)
  2 adders
  2 worms (D:2)
  An ufetubus (D:5)
  4 giant geckos
  An ooze (D:1)
  An orc (D:7)
  4 bats
  2 giant cockroaches
  2 goblins
  4 hobgoblins
  A kobold (D:1)
  A quokka (D:5)
  A rat (D:1)
39 creatures vanquished.

Vanquished Creatures (others)
  6 hounds
  2 crimson imps
  A shadow imp (D:3)
  A bat (D:1)
  2 rats (D:1)
12 creatures vanquished.

Grand Total: 148 creatures vanquished

Notes
Turn   | Place    | Note
--------------------------------------------------------------
     0 | D:1      | PolkaDot, the Vampire Summoner, began the quest for the Orb.
     0 | D:1      | Reached XP level 1. HP: 13/13 MP: 3/3
   156 | D:1      | Reached skill level 1 in Fighting
   258 | D:1      | Reached XP level 2. HP: 11/21 MP: 0/4
   989 | D:1      | Learned a level 2 spell: Call Imp
  1132 | D:1      | Reached XP level 3. HP: 19/26 MP: 6/6
  1204 | D:2      | Learned a level 3 spell: Call Canine Familiar
  1746 | D:2      | Reached skill level 5 in Summonings
  1746 | D:2      | Reached XP level 4. HP: 25/33 MP: 3/7
  2357 | D:3      | Noticed vogonpoet's ghost (average DsGl)
  2426 | D:3      | Killed vogonpoet's ghost
  2426 | D:3      | Reached skill level 6 in Summonings
  2426 | D:3      | Reached XP level 5. HP: 41/41 MP: 2/9
  2704 | D:3      | Reached XP level 6. HP: 30/47 MP: 6/10
  3339 | D:4      | HP: 2/47 [kobold/glowing long sword (7)]
  3625 | D:4      | Noticed Dowan
  3626 | D:4      | Noticed Duvessa
  3643 | D:4      | Killed Duvessa
  3643 | D:4      | Reached skill level 7 in Summonings
  3712 | D:4      | Killed Dowan
  4173 | D:5      | Entered Level 5 of the Dungeon
  4186 | D:5      | Reached XP level 7. HP: 44/53 MP: 12/12
  4304 | D:5      | Noticed a water moccasin
  4314 | D:5      | Killed a water moccasin
  4548 | D:5      | Noticed Eustachio
  4579 | D:5      | Killed Eustachio
  4606 | D:5      | Reached skill level 8 in Summonings
  4655 | D:5      | Noticed Blork the orc
  4666 | D:5      | Killed Blork the orc
  4841 | D:5      | Noticed Edmund
  4926 | D:5      | Killed Edmund
  5249 | D:5      | Reached XP level 8. HP: 61/61 MP: 13/13
  5266 | D:5      | Learned a level 4 spell: Summon Ice Beast
  5415 | D:6      | Found an iron altar of Okawaru.
  5424 | D:6      | Reached skill level 9 in Summonings
  5440 | D:6      | Reached skill level 5 in Fighting
  5719 | D:7      | Found a bloodstained altar of Trog.
  5768 | D:7      | Mangled by an orc warrior

Action                   |  1- 3 |  4- 6 |  7- 9 || total
-------------------------+-------+-------+-------++-------
Melee: Unarmed           |    68 |       |       ||    68
       Dagger            |    38 |       |       ||    38
       Short sword       |    69 |   136 |       ||   205
       Long sword        |       |    56 |   177 ||   233
 Cast: Summon Small Mamm |    16 |       |       ||    16
       Call Canine Famil |     4 |     7 |    11 ||    22
       Call Imp          |       |     6 |    11 ||    17
 Abil: Bottle Blood      |       |     9 |     5 ||    14
Evoke: Wand              |       |       |     1 ||     1
  Use: Potion            |     1 |    14 |     7 ||    22
       Scroll            |       |    12 |     3 ||    15
 Stab: Sleeping          |     5 |     8 |     2 ||    15
       Distracted        |     2 |     1 |     2 ||     5
       Invisible         |       |     1 |       ||     1
  Eat: Corpse            |    14 |    10 |     4 ||    28
